 Dungeon Crawl Stone Soup version 0.23-a0-677-g07611c5 (webtiles) character file.

9933 tilp the Spear-Bearer (level 11, -20/72 HPs)
             Began as a Merfolk Ice Elementalist on Jan 9, 2019.
             Was a Believer of Makhleb.
             Demolished by a catoblepas (27 damage)
             ... on level 1 of the Lair of Beasts.
             The game lasted 00:49:55 (16489 turns).

tilp the Spear-Bearer (Merfolk Ice Elementalist)   Turns: 16489, Time: 00:49:56

Health: -20/72     AC: 10    Str:  8    XL:     11   Next: 54%
Magic:  4/17       EV: 13    Int: 22    God:    Makhleb [**....]
Gold:   661        SH:  0    Dex: 15    Spells: 1/18 levels left

rFire    . . .     SeeInvis .   a - +1 trident
rCold    + + .     Gourm    .   (no shield)
rNeg     . . .     Faith    .   I - +2 leather armour {rC+}
rPois    .         Spirit   .   (no helmet)
rElec    .         Reflect  .   f - +0 cloak
rCorr    .         Harm     .   v - +2 pair of gloves
MR       .....                  T - +0 pair of boots
Stlth    ++........             q - amulet of magic regeneration
HPRegen  0.22/turn              Q - ring of protection from cold
MPRegen  0.40/turn              C - +4 ring of intelligence

@: very slightly contaminated
A: change form in water, swift swim, stealthy swim
a: Minor Destruction, Renounce Religion


You were on level 1 of the Lair of Beasts.
You worshipped Makhleb.
Makhleb was pleased with you.
You were near starving.

You visited 3 branches of the dungeon, and saw 13 of its levels.
You also visited: Ossuary.

You collected 661 gold pieces.

Inventory:

Hand Weapons
 a - a +1 trident (weapon)
 b - a +3 hunting sling of flaming
 A - a +0 halberd
 R - a +1 whip of electrocution
Missiles
 h - 3 steel tomahawks
 i - 9 tomahawks
 j - 17 stones
 l - 8 javelins (quivered)
 y - 4 throwing nets
 V - 44 sling bullets
Armour
 f - a +0 cloak (worn)
 v - a +2 pair of gloves (worn)
 H - a +0 buckler
 I - a +2 leather armour of cold resistance (worn)
 J - a scarf of repulsion
 T - a +0 pair of boots (worn)
Magical Staves
 L - an uncursed staff of summoning {unknown}
Jewellery
 k - an uncursed ring of stealth
 q - an amulet of magic regeneration (around neck)
 w - an uncursed ring of flight
 C - a +4 ring of intelligence (right hand)
 Q - a ring of protection from cold (left hand)
Wands
 g - a wand of flame (17)
 M - a wand of polymorph (10)
 O - a wand of paralysis (8)
 P - a wand of scattershot (4)
 S - a wand of digging (9)
Scrolls
 d - 2 scrolls of teleportation
 e - 3 scrolls of enchant weapon
 p - 8 scrolls of remove curse
 B - a scroll of immolation
 E - 2 scrolls of magic mapping
 F - a scroll of fear
 G - a scroll of amnesia
 K - a scroll of brand weapon {unknown}
 U - a scroll of fog {unknown}
 W - a scroll of blinking
Potions
 m - 4 potions of agility
 n - a potion of invisibility {unknown}
 o - 5 potions of curing
 r - 3 potions of heal wounds {unknown}
 s - 4 potions of brilliance {unknown}
 t - 3 potions of mutation {unknown}
 u - 3 potions of flight {unknown}
 x - a potion of berserk rage {unknown}
 z - 5 potions of might
 D - a potion of degeneration {unknown}
Miscellaneous
 N - a lamp of fire (inert)
Comestibles
 c - 17 rations


   Skills:
 - Level 2.2 Fighting
 - Level 14.0 Polearms
 - Level 4.0 Dodging
 - Level 2.1 Stealth
 + Level 1.5 Shields
 - Level 4.1 Spellcasting
 - Level 2.0 Conjurations
 - Level 4.0 Charms
 - Level 12.0 Ice Magic
 - Level 5.2 Invocations
 - Level 4.1 Evocations


You had one spell level left.
You knew the following spells:

 Your Spells              Type           Power        Failure   Level  Hunger
a - Freeze                Ice            ####         1%          1    None
b - Throw Frost           Conj/Ice       #####.       1%          2    #......
c - Ozocubu's Armour      Chrm/Ice       #####...     1%          3    ##.....
d - Throw Icicle          Conj/Ice       #####...     9%          4    ####...
e - Summon Ice Beast      Ice/Summ       ####....     14%         4    ####...
f - Conjure Flame         Conj/Fire      #.......     32%         3    ##.....

Your spell library contained the following spells:

 Spells                   Type           Power        Failure   Level  Hunger
 Flame Tongue             Conj/Fire      #....        11%         1    None
 Animate Skeleton         Necr           N/A          16%         1    None
 Pain                     Necr           #...         16%         1    None
 Throw Flame              Conj/Fire      #.....       16%         2    #......
 Regeneration             Chrm/Necr      ##........   22%         3    ##.....
 Inner Flame              Hex/Fire       #.......     43%         3    ##.....
 Vampiric Draining        Necr           #.........   43%         3    ##.....
 Sticky Flame             Conj/Fire      #.......     71%         4    ####...
 Animate Dead             Necr           N/A          85%         4    ####...
 Fireball                 Conj/Fire      #.........   96%         5    ######.


Dungeon Overview and Level Annotations

Branches:
Dungeon (11/15)            Temple (1/1) D:7            Lair (1/6) D:8
    Orc: D:9-12

Altars:
Ashenzari
Cheibriados
Dithmenos
Elyvilon
Fedhas
Gozag
Hepliaklqana
Kikubaaqudgha
Makhleb
Nemelex Xobeh
Okawaru
Qazlal
Ru
Sif Muna
Trog
Uskayaw
Vehumet
Wu Jian
Xom
Yredelemnul
Zin
The Shining One

Annotations:
D:10 exclusions: 2 killer bees and two-headed ogre, Erica


Message History

Press | or perform an action to restore all view layers.
Unknown command.
Unknown command.
Restoring view layers.
Evoke which item? (* to show all) (? for menu, Esc to quit)
Aiming: Scattershot
Press: ? - help, Shift-Dir - straight line, f/p - catoblepas
Aim: a catoblepas (almost dead)
The burst of metal fragments hits the catoblepas. x8
The catoblepas is almost dead.
The catoblepas gores you!
* * * LOW HITPOINT WARNING * * *
Evoke which item? (* to show all) (? for menu, Esc to quit)
Aiming: Scattershot
Press: ? - help, Shift-Dir - straight line, f/p - catoblepas
Aim: a catoblepas (almost dead)
The burst of metal fragments hits the catoblepas. x8
The catoblepas is almost dead.
The catoblepas gores you!!
You die...

(...# #... #...##
#...## #....## ##...##
##ยง##..## ##.8.##..#
##......Y@#
#.8.8.8....#
##.....#....# ###
##...##.....# #.####
###..#.#..#.#..
#.....##......###......
...###.#.#.....#
.#.#...
.............#.... ..
.+ ...8.......8.#....
#.........


You could see a catoblepas.

Vanquished Creatures
  Joseph (D:7)
  A manticore (D:11)
  3 spiny frogs (Lair:1)
  2 komodo dragons (Lair:1)
  3 hippogriffs
  A spriggan (D:7)
  Sigmund (D:6)
  A wyvern (D:11)
  3 hungry ghosts
  Grum (D:10)
  Menkaure (D:6)
  Duvessa (D:5)
  3 porcupines (Lair:1)
  An orc warrior (D:9)
  4 ice beasts
  3 sky beasts
  3 phantoms
  4 centaurs
  6 ogres
  3 wolves (D:10)
  3 crocodiles
  Blork the orc (D:6)
  A big kobold (D:9)
  4 bullfrogs
  7 water moccasin zombies
  2 scorpions
  Dowan (D:5)
  5 electric eels (D:7)
  A howler monkey (D:5)
  5 crimson imps
  A quasit (D:9)
  A bullfrog zombie (D:10)
  9 hounds
  2 jellies
  3 orc priests
  10 orc wizards
  3 centaur skeletons
  A centaur zombie (D:11)
  A bullfrog skeleton (D:11)
  3 iguanas
  8 worker ants
  A killer bee zombie (D:6)
  2 big kobold zombies (Ossuary)
  2 mummies (Ossuary)
  2 worker ant zombies
  4 gnolls (D:5)
  20 adders
  4 shadow imps
  An ooze (D:1)
  5 adder zombies (Ossuary)
  An adder skeleton (D:4)
  4 worms
  2 dart slugs (D:1)
  3 leopard geckos
  52 orcs
  7 bats
  7 giant cockroaches
  2 gnoll zombies (Ossuary)
  8 goblins
  8 hobgoblins
  8 jackals
  5 quokkas
  2 ball pythons
  8 frilled lizards
  2 hobgoblin zombies (Ossuary)
  A jackal zombie (D:5)
  13 kobolds
  2 kobold zombies (Ossuary)
  A leopard gecko skeleton (D:9)
  6 orc zombies (Ossuary)
  A quokka skeleton (D:9)
  9 rats
  A fungus (D:8)
312 creatures vanquished.

Vanquished Creatures (collateral kills)
  Harold (D:8)
1 creature vanquished.

Grand Total: 313 creatures vanquished

Notes
Turn   | Place    | Note
-------+----------+-------------------------------------------
     0 | D:1      | tilp the Merfolk Ice Elementalist began the quest for the
                  | Orb.
     0 | D:1      | Reached XP level 1. HP: 13/13 MP: 3/3
   152 | D:1      | Reached XP level 2. HP: 7/19 MP: 1/5
   359 | D:1      | Learned a level 2 spell: Throw Frost
  1067 | D:1      | Reached XP level 3. HP: 20/24 MP: 6/6
  1604 | D:2      | Reached skill level 5 in Ice Magic
  1665 | D:2      | Reached XP level 4. HP: 30/30 MP: 3/7
  1986 | D:2      | Found a sparkling altar of Nemelex Xobeh.
  2825 | D:3      | Reached XP level 5. HP: 36/36 MP: 4/8
  2954 | D:3      | Reached skill level 1 in Fighting
  3400 | D:4      | Noticed an ogre
  3630 | D:4      | Killed an ogre
  3630 | D:4      | Reached XP level 6. HP: 44/44 MP: 5/10
  3635 | D:4      | Learned a level 3 spell: Ozocubu's Armour
  3837 | D:4      | Reached XP level 7. HP: 21/50 MP: 3/13
  4652 | D:3      | Found a glowing golden altar of the Shining One.
  4671 | D:5      | Entered Level 5 of the Dungeon
  5597 | D:5      | Reached skill level 1 in Polearms
  5765 | D:5      | Reached skill level 2 in Polearms
  5765 | D:5      | Reached skill level 1 in Conjurations
  5765 | D:5      | Reached skill level 1 in Charms
  5765 | D:5      | Reached XP level 8. HP: 29/56 MP: 14/14
  5979 | D:5      | Noticed Dowan
  6033 | D:5      | Found a hazy altar of Hepliaklqana.
  6253 | D:5      | Noticed Duvessa
  6289 | D:5      | Killed Duvessa
  6289 | D:5      | Reached skill level 3 in Polearms
  6489 | D:5      | Reached skill level 4 in Polearms
  6881 | D:5      | Reached skill level 5 in Polearms
  6928 | D:6      | Found a sand-covered staircase.
  6937 | Ossuary  | Entered an ossuary
  6964 | Ossuary  | Reached skill level 6 in Polearms
  7178 | Ossuary  | Reached skill level 7 in Polearms
  7219 | Ossuary  | Reached XP level 9. HP: 54/61 MP: 15/15
  7287 | Ossuary  | Reached skill level 8 in Polearms
  7487 | D:6      | Reached skill level 1 in Evocations
  7805 | D:6      | Noticed Menkaure
  7844 | D:6      | Reached skill level 9 in Polearms
  7959 | D:6      | Noticed Blork the orc
  8573 | D:6      | Killed Blork the orc
  8677 | D:6      | Killed Menkaure
  8677 | D:6      | Reached skill level 10 in Polearms
  8793 | D:6      | Noticed Sigmund
  8905 | D:7      | Found a staircase to the Ecumenical Temple.
  8916 | Temple   | Entered the Ecumenical Temple
  9155 | D:7      | Learned a level 4 spell: Throw Icicle
  9354 | D:7      | Found a glowing golden altar of the Shining One.
  9415 | D:7      | Found a burning altar of Makhleb.
  9430 | D:7      | Reached skill level 11 in Polearms
  9444 | D:7      | Became a worshipper of Makhleb the Destroyer
  9468 | D:7      | Noticed Joseph
  9648 | D:7      | Found an ancient bone altar of Kikubaaqudgha.
  9688 | D:7      | Reached skill level 12 in Polearms
  9693 | D:7      | Reached XP level 10. HP: 67/67 MP: 16/16
 10064 | D:8      | Reached skill level 13 in Polearms
 10418 | D:8      | Found a staircase to the Lair.
 10469 | D:8      | Noticed Harold
 11367 | D:9      | Reached skill level 14 in Polearms
 11376 | D:9      | Reached * piety under Makhleb
 11376 | D:9      | Reached skill level 1 in Invocations
 11722 | D:9      | Learned a level 4 spell: Summon Ice Beast
 11726 | D:9      | Learned a level 3 spell: Conjure Flame
 12125 | D:9      | Found a hide-covered altar of Uskayaw.
 12125 | D:9      | Found a basalt altar of Yredelemnul.
 12164 | D:10     | Entered Level 10 of the Dungeon
 12247 | D:9      | HP: 2/67 [iguana (10)]
 12572 | D:10     | Reached skill level 5 in Invocations
 12640 | D:10     | Noticed Grum
 12660 | D:10     | Killed Grum
 13289 | D:10     | Noticed a two-headed ogre
 13407 | D:10     | Noticed Erica
 13757 | D:11     | Reached XP level 11. HP: 65/72 MP: 17/17
 13830 | D:11     | Reached skill level 10 in Ice Magic
 14135 | D:11     | Reached ** piety under Makhleb
 14162 | D:11     | Noticed a manticore
 14173 | D:11     | Killed a manticore
 14852 | D:5      | Killed Dowan
 14930 | D:6      | Killed Sigmund
 15042 | D:7      | Killed Joseph
 15252 | D:8      | Killed Harold
 15451 | Lair:1   | Entered Level 1 of the Lair of Beasts
 16438 | Lair:1   | Reached skill level 1 in Shields
 16471 | Lair:1   | Noticed a catoblepas
 16489 | Lair:1   | Demolished by a catoblepas

Vault maps used:
D:1:      ebering_hopf_link
D:2:      nemelex_diamond_rough_becter
D:3:      nicolae_overflow_hidden_temple, st_stairs_7
D:4:      first_ration
D:5:      kennysheep_mini_moat, uniq_duvessa
D:6:      lightli_ossuary_entry_decrepit_ruins, uniq_sigmund,
          uniq_blork_the_orc, uniq_menkaure
D:7:      nicolae_overflow_crystal_walls, bloody_makhleb,
          minmay_temple_entry_slanted, the_bakery, chequers_big_river,
          tso_metal_star, uniq_joseph
D:8:      dpeg_oklobed_lair, minmay_chambers_of_fives, uniq_harold
D:9:      gammafunk_temple_overflow_elements
D:10:     uniq_erica, uniq_grum
D:11:     serial_rivers, chequers_serial_rivers_small_b,
          chequers_serial_rivers_micro_c, chequers_serial_rivers_micro_c,
          chequers_serial_rivers_marsh, chequers_serial_rivers_small_b,
          uniq_maurice
Temple:   regret_index_temple_sphere_string
Lair:1:   minivault_11, grunt_megastairs_1, infiniplex_staircase_pool_2,
          serial_bayou_shore_b
Ossuary:  ossuary_tomb_2

Skill      XL: |  1  2  3  4  5  6  7  8  9 10 11 |
---------------+----------------------------------+-----
Ice Magic      | 4 5 6 8 9 12 | 12.0
Dodging        | 4 |  4.0
Fighting       | 2 |  2.2
Spellcasting   | 3 4 |  4.1
Polearms       | 2 7 12 14 | 14.0
Conjurations   | 1 2 |  2.0
Charms         | 1 4 |  4.0
Evocations     | 4 |  4.1
Invocations    | 5 |  5.2
Shields        | 1 |  1.5
Stealth        | |  2.1

Action                   |  1- 3 |  4- 6 |  7- 9 | 10-12 || total
-------------------------+-------+-------+-------+-------++-------
Melee: Dagger            |    18 |     8 |       |       ||    26
       Whip              |       |    47 |   410 |       ||   457
       Trident           |       |       |    82 |   545 ||   627
 Fire: Hunting sling     |       |       |       |     4 ||     4
Throw: Tomahawk          |     7 |     2 |       |       ||     9
       Javelin           |     4 |    39 |    10 |     9 ||    62
 Cast: Freeze            |    52 |    73 |   113 |    91 ||   329
       Throw Frost       |       |     2 |     7 |    33 ||    42
       Ozocubu's Armour  |       |     2 |    22 |    37 ||    61
       Summon Ice Beast  |       |       |       |     3 ||     3
       Throw Icicle      |       |       |       |     2 ||     2
Invok: Minor Destruction |       |       |       |     3 ||     3
Evoke: Wand              |       |       |     8 |     9 ||    17
       Lamp of fire      |       |       |       |     1 ||     1
  Use: Scroll            |     4 |     1 |     7 |     7 ||    19
       Potion            |       |       |     1 |       ||     1
 Stab: Sleeping          |     6 |     5 |     6 |     9 ||    26
       Distracted        |       |       |       |     1 ||     1
  Eat: Chunk             |     3 |     8 |    19 |    16 ||    46
       Ration            |       |       |     3 |     4 ||     7
Armor: Robe              |     3 |       |       |       ||     3
       Leather armour    |    15 |    29 |   180 |   161 ||   385
Dodge: Dodged            |    44 |    77 |   391 |   225 ||   737
       Deflected         |       |       |       |     2 ||     2

Table legend:
 A = Non-vault XP
 B = Vault XP
 C = Vault XP percentage of total XP
 D = Non-vault monster count
 E = Vault monster count
 F = Vault count percentage of total count
                 A         B        C        D         E       F
            +---------+---------+-------+---------+---------+-------
      Total |   10626 |    3564 |  25.1 |     269 |      43 |  13.8
            +---------+---------+-------+---------+---------+-------
        D:1 |      53 |       0 |   0.0 |      29 |       0 |   0.0
        D:2 |      73 |       0 |   0.0 |      17 |       0 |   0.0
        D:3 |     110 |       2 |   1.8 |      29 |       1 |   3.3
        D:4 |     440 |       0 |   0.0 |      25 |       0 |   0.0
        D:5 |    1039 |     235 |  18.4 |      30 |       2 |   6.2
        D:6 |     961 |     492 |  33.9 |      38 |       3 |   7.3
        D:7 |    1033 |     722 |  41.1 |      23 |       2 |   8.0
        D:8 |     707 |     984 |  58.2 |      11 |       4 |  26.7
        D:9 |    1421 |       0 |   0.0 |      30 |       0 |   0.0
       D:10 |    1297 |     529 |  29.0 |      16 |       4 |  20.0
       D:11 |    1029 |       0 |   0.0 |      12 |       0 |   0.0
     Lair:1 |    2463 |       0 |   0.0 |       9 |       0 |   0.0
    Ossuary |       0 |     600 | 100.0 |       0 |      27 | 100.0
            +---------+---------+-------+---------+---------+-------
